 Dungeon Crawl Stone Soup version 0.29.1-12-g30fa7ad0bf (webtiles) character file.

Game seed: 3325739546524255479

2562 booth the Cleaver (level 9, -5/71 HPs)
             Began as a Minotaur Fighter on Dec 20, 2022.
             Was a Priest of Hepliaklqana.
             Slain by an orc
             ... wielding a +0 short sword
              (6 damage)
             ... on level 7 of the Dungeon.
             The game lasted 00:49:02 (6767 turns).

booth the Cleaver (Minotaur Fighter)                Turns: 6767, Time: 00:49:02

Health: -5/71      AC:  9    Str: 26    XL:     9   Next: 31%
Magic:  8/8        EV: 11    Int:  5    God:    Hepliaklqana [***...]
Gold:   268        SH:  0    Dex: 15    Spells: 8/8 levels left

rFire   . . .      SeeInvis .   d - +2 hand axe (vorpal)
rCold   . . .      Faith    .   y - orb {mayhem}
rNeg    . . .      Spirit   .   b - +0 scale mail
rPois   .          Reflect  .   (helmet restricted)
rElec   .          Harm     .   (no cloak)
rCorr   .          Rampage  .   (no gloves)
Will    +....                   A - +0 pair of boots
Stlth   +.........              (no amulet)
HPRegen 0.21/turn               g - +6 ring of dexterity
MPRegen 0.11/turn               u - ring of willpower

@: lethally poisoned (-5 -> -9), attractive
A: reduced essence, horns 2, retaliatory headbutt
a: Renounce Religion, Recall Ancestor, Ancestor Identity, Transference


You were on level 7 of the Dungeon.
You worshipped Hepliaklqana.
Hepliaklqana was most pleased with you.
You visited 1 branch of the dungeon, and saw 7 of its levels.

You collected 314 gold pieces.
You spent 46 gold pieces at shops.

Inventory:

Hand Weapons
 a - a +0 war axe
 d - a +2 vorpal hand axe (weapon)
 e - a +0 mace
 z - a +5 battleaxe
 B - a +0 morningstar
Missiles
 x - a poisoned dart (quivered)
 C - 15 boomerangs
Armour
 b - a +0 scale mail (worn)
 c - a +0 buckler
 y - an orb of mayhem (worn)
 A - a +0 pair of boots (worn)
Jewellery
 g - a +6 ring of dexterity (left hand)
 m - a ring of ice
 u - a ring of willpower (right hand)
 D - a ring of protection from fire
Wands
 o - a wand of digging (6)
 w - a wand of roots (12)
Scrolls
 f - 4 scrolls of vulnerability
 i - 2 scrolls of magic mapping
 p - a scroll of poison
 q - 2 scrolls of enchant armour {unknown}
 v - a scroll of teleportation
 E - 3 scrolls of silence {unknown}
Potions
 h - a potion of flight
 j - a potion of brilliance
 k - 3 potions of curing
 l - a potion of cancellation
 n - a potion of invisibility {unknown}
 r - 5 potions of haste
 s - a potion of attraction
 t - 2 potions of mutation {unknown}


   Skills:
 + Level 7.2 Fighting
 + Level 9.6(9.7) Axes
 * Level 2.0(6.4) Maces & Flails
 + Level 2.4 Throwing
 + Level 8.1 Armour
 + Level 2.0 Dodging
 + Level 3.4 Stealth
 + Level 4.2 Shields


You had 8 spell levels left.
You didn't know any spells.
Your spell library contained the following spells:

 Spells                   Type           Power      Damage    Failure   Level
 Sublimation of Blood     Necr           0%         N/A       86%         2
 Wereblood                Tmut           0%         N/A       86%         2
 Dazzling Flash           Conj/Hex       0%         N/A       97%         3
 Agony                    Necr           0%         N/A       100%        5
 Silence                  Hex/Air        0%         N/A       100%        5
 Summon Hydra             Summ           0%         N/A       100%        7


Dungeon Overview and Level Annotations

Branches:
Dungeon (7/15)             Temple (0/1) D:4

Altars:
Hepliaklqana
Qazlal
Vehumet
The Shining One

Shops:
D:6 *

Annotations:
D:4 2 transporters, 1 runed translucent door, Radix's ghost, amateur GrEE


Innate Abilities, Weirdness & Mutations

Your life essence is reduced to manifest your ancestor. (-10% HP)
You have a pair of horns on your head.
You reflexively headbutt those who attack you in melee.


Message History

You slash the centaur! You headbutt the centaur.
You kill the centaur!
The orc flies into a frenzy!
The orc closely misses the hornet.
The orc is attracted toward you.
Your Armour skill increases to level 8!
You hit the hornet.
The hornet is moderately wounded.
The orc hits the hornet with a +0 short sword.
The hornet stings you but does no damage.
You barely miss the hornet. Your headbutt misses the hornet.
The hornet is moderately wounded.
The orc closely misses the hornet.
The hornet stings you.
You feel yourself slow down.
The orc hits the hornet with a +0 short sword.
You hit the hornet.
The hornet is heavily wounded.
The hornet stings you.
You are poisoned.
You feel as though you will be slow longer.
The orc closely misses the hornet.
The hornet completely misses you. You furiously retaliate!
You headbutt the hornet! You hit the hornet but do no damage.
The hornet is almost dead.
You feel very sick.
The orc hits the hornet with a +0 short sword.
The hornet dies!
A magic dart appears from out of thin air!
The magic dart hits you.
* * * LOW HITPOINT WARNING * * *
Something closely misses the orc.
Your base Maces & Flails skill increases to level 2!
You feel very sick. The orc hits you with a +0 short sword.
* * * LOW HITPOINT WARNING * * *
The orc hits you with a +0 short sword.
* * * LOW HITPOINT WARNING * * *
You feel yourself speed up.
* * * LOW HITPOINT WARNING * * *
You feel sick. The orc hits you with a +0 short sword.
You die...

#.......#..................
#....................##....
#....................##....
#......#...#...............
#.....c....#.......>......#
#....).###)#.#...........##
#..o..## #.#.#...........##
#.o)... #o#.#........##..#
.......# #@#.#........###.#
....(....
#.#.##............
.........
..#...........####
.(.(.#.#. ...#.#########.#
# ..##### ##.# # .#. ##..#
# ..#. #######...## # ## #
#..........###
#.#.#.#.#.....


You could see a neutral orc (fast, strong, insane).

Vanquished Creatures
  An orc warrior (D:7)
  2 ice beasts
  2 centaurs
  2 bullfrogs (D:7)
  An elf skeleton (D:5)
  A necrophage (D:7)
  3 scorpions
  2 wights (D:7)
  A howler monkey (D:5)
  A human zombie (D:5)
  2 hounds
  5 orc priests
  A jelly (D:6)
  3 human skeletons (D:5)
  3 iguanas
  Ijyb (D:3)
  Terence (D:1)
  3 orc wizards (D:5)
  6 adders
  A shadow imp (D:4)
  A white imp (D:4)
  2 worms
  3 dart slugs
  14 orcs
  7 ball pythons
  8 endoplasms
  A giant cockroach (D:3)
  7 hobgoblins
  3 jackals (D:1)
  6 quokkas
  2 bats
  3 frilled lizards (D:2)
  11 goblins
  5 kobolds
  An orc skeleton (D:5)
  9 rats
125 creatures vanquished.

Vanquished Creatures (collateral kills)
  A hornet (D:7)
  A sky beast (D:6)
  4 elf skeletons (D:5)
  A scorpion (D:6)
  A wight (D:7)
  A howler monkey (D:7)
  2 jellies
  2 orc wizards (D:5)
  An adder (D:4)
  A hexer (D:7)
  A shadow imp (D:5)
  An ufetubus (D:5)
  An ancestor (D:4)
  12 orcs
  3 ball pythons
  2 endoplasms
  A giant cockroach (D:4)
  A goblin (D:4)
  2 kobolds (D:4)
  An orc zombie (D:5)
40 creatures vanquished.

Vanquished Creatures (others)
  2 hexers (D:7)
2 creatures vanquished.

Grand Total: 167 creatures vanquished

Notes
Turn   | Place    | Note
-------+----------+-------------------------------------------
     0 | D:1      | booth the Minotaur Fighter began the quest for the Orb.
     0 | D:1      | Reached XP level 1. HP: 19/19 MP: 0/0
   295 | D:1      | Reached XP level 2. HP: 27/27 MP: 1/1
   548 | D:1      | Reached skill level 3 in Axes
   851 | D:2      | Reached XP level 3. HP: 34/34 MP: 2/2
   851 | D:2      | Noticed Terence
   870 | D:2      | HP: 1/34 [Terence/+2 vorpal hand axe (2)]
   874 | D:1      | Killed Terence
  1276 | D:2      | Identified the +2 short sword "Testudinebane" {holy, Contam
                  | rCorr MP+9 Stlth+}
  1367 | D:2      | Reached XP level 4. HP: 41/41 MP: 3/3
  1656 | D:2      | Found a faded altar of an unknown god.
  1670 | D:2      | Prayed at the altar of an unknown god.
  1670 | D:2      | Became a worshipper of Hepliaklqana the Forgotten
  1670 | D:2      | Reached * piety under Hepliaklqana
  1833 | D:3      | Found a radiant altar of Vehumet.
  1958 | D:3      | Reached skill level 4 in Axes
  2009 | D:3      | Noticed Ijyb
  2026 | D:3      | Killed Ijyb
  2027 | D:3      | Reached XP level 5. HP: 16/42 MP: 4/4
  2496 | D:3      | Identified a scroll of acquirement
  2497 | D:3      | Acquired a ring of willpower
  2851 | D:4      | Found a staircase to the Ecumenical Temple.
  2866 | D:4      | Found a transporter.
  2875 | D:4      | Found a runed translucent door.
  2875 | D:4      | Noticed Radix's ghost (amateur GrEE)
  2893 | D:4      | Found a transporter.
  2896 | D:4      | Reached skill level 5 in Fighting
  3226 | D:4      | Reached skill level 5 in Axes
  3226 | D:4      | Reached XP level 6. HP: 19/50 MP: 5/5
  3509 | D:4      | Found a stormy altar of Qazlal.
  3775 | D:5      | Entered Level 5 of the Dungeon
  3945 | D:5      | Reached ** piety under Hepliaklqana
  3951 | D:5      | Reached skill level 6 in Axes
  3966 | D:5      | Remembered your ancestor Huema as a hexer
  4063 | D:5      | Reached skill level 5 in Armour
  4063 | D:5      | Reached XP level 7. HP: 55/55 MP: 6/6
  4074 | D:5      | Reached skill level 1 in Stealth
  4274 | D:5      | Reached skill level 7 in Axes
  4670 | D:5      | Reached skill level 1 in Dodging
  4698 | D:5      | Reached XP level 8. HP: 50/63 MP: 7/7
  4947 | D:5      | Reached skill level 8 in Axes
  5491 | D:6      | Found a glowing golden altar of the Shining One.
  5553 | D:6      | Found Busiwk's Assorted Antiques.
  5562 | D:6      | Bought a scroll of identify for 46 gold pieces
  5773 | D:6      | Reached skill level 1 in Throwing
  6058 | D:7      | Reached skill level 9 in Axes
  6070 | D:7      | Noticed a hornet
  6086 | D:7      | Reached *** piety under Hepliaklqana
  6178 | D:7      | Reached XP level 9. HP: 42/70 MP: 8/8
  6567 | D:7      | Reached skill level 1 in Maces & Flails
  6766 | D:7      | HP: 2/71 [orc/+0 short sword (6)]
  6767 | D:7      | Slain by an orc

Illustrated notes

Levels and vault maps discovered:
D:1:      wander_arrival_estate, layout_loops_ring, due_unseen_surprise
D:2:      minmay_door_path, layout_basic, basic_ecumenical_altar, uniq_terence
D:3:      layout_basic, old_standard_altar, minmay_puff, uniq_ijyb
D:4:      gammafunk_wand_slinger, layout_basic,
          mainiacjoe_overflow_tiny_flanked, minmay_temple_entry_offerings,
          gammafunk_ghost_grave, kennysheep_decorative_pillar,
          grunt_ministairs_6
D:5:      layout_loops_cross, nicolae_ossuary_entry_catacombs,
          kennysheep_small_spiral
D:6:      layout_basic, tso_metal_star, serial_shops, shop
D:7:      layout_rooms, serial_co_window_serial, co_window_cross_1,
          co_window_paths_a, co_window_of_opportunity_a, co_window_paths_b,
          co_window_paths_a, co_window_broadway_a, co_window_broadway_a,
          co_window_corner_b, co_window_broadway_c, co_window_of_opportunity_b,
          co_window_corner_b, co_window_paths_c, co_window_paths_e,
          glass_columns_b, glass_columns_a, glass_columns_a, glass_columns_c

Skill      XL: |  1  2  3  4  5  6  7  8  9 |
---------------+----------------------------+-----
Fighting       | 4 5 6 7 |  7.2
Armour         | 4 5 6 7 8 |  8.1
Axes           | 3 4 5 6 7 9 |  9.6
Shields        | 4 |  4.2
Stealth        | 1 3 |  3.4
Dodging        | 1 2 |  2.0
Throwing       | 1 2 |  2.4
Maces & Flails | 2 |  2.0

Action                   |  1- 3 |  4- 6 |  7- 9 || total
-------------------------+-------+-------+-------++-------
Melee: War axe           |    46 |       |       ||    46
       Headbutt          |    11 |    19 |    37 ||    67
       Hand axe          |    10 |   112 |   146 ||   268
Throw: Dart              |       |     3 |     9 ||    12
       Boomerang         |       |       |     8 ||     8
Invok: Ancestor Identity |       |     2 |       ||     2
       Ancestor Life: He |       |     1 |       ||     1
  Use: Scroll            |     3 |     6 |     5 ||    14
       Potion            |     2 |     2 |     5 ||     9
 Stab: Distracted        |       |     1 |     2 ||     3
       Confused          |       |     1 |     8 ||     9
Armor: Scale mail        |    14 |    43 |    38 ||    95
Dodge: Dodged            |    20 |    31 |    42 ||    93
Block: Buckler           |     8 |    13 |       ||    21
